 Dungeon Crawl Stone Soup version 0.23.0 (webtiles) character file.

Game seed: 3709780415697766196

169 theswoord the Slasher (level 5, -3/73 HPs)
             Began as a Naga Berserker on Feb 12, 2019.
             Was a Believer of Trog.
             Slain by a worm (5 damage)
             ... on level 2 of the Dungeon.
             The game lasted 00:01:51 (1230 turns).

theswoord the Slasher (Naga Berserker)              Turns: 1230, Time: 00:01:52

Health: -3/73      AC:  2    Str: 24    XL:     5   Next: 50%
Magic:  5/5        EV:  9    Int:  8    God:    Trog [**....]
Gold:   38         SH:  0    Dex: 11    Spells: 4/4 levels left

rFire    . . .     SeeInvis +   a - +0 falchion
rCold    + . .     Gourm    .   (no shield)
rNeg     . . .     Faith    .   b - +0 animal skin
rPois    +         Spirit   .   (no helmet)
rElec    .         Reflect  .   (no cloak)
rCorr    .         Harm     .   (no gloves)
MR       .....                  (no barding)
Stlth    ..........             (no amulet)
HPRegen  0.22/turn              f - ring of protection from cold
MPRegen  0.09/turn              (no ring)

@: berserking, lightly drained, quick
A: large, see invisible, deformed body, poison resistance, slowness 2, slow
metabolism 1, spit poison 1, AC +1
a: Spit Poison, Berserk, Trog's Hand, Renounce Religion


You were on level 2 of the Dungeon.
You worshipped Trog.
Trog was pleased with you.
You were hungry.

You visited 1 branch of the dungeon, and saw 2 of its levels.

You collected 38 gold pieces.

Inventory:

Hand Weapons
 a - a +0 falchion (weapon)
Armour
 b - a +0 animal skin (worn)
 j - a +0 cloak of poison resistance
Jewellery
 f - a ring of protection from cold (left hand)
Scrolls
 d - a scroll of blinking
 i - 2 scrolls of identify {unknown}
 k - a scroll of enchant armour {unknown}
Potions
 e - a potion of curing {unknown}
 g - a potion of might {unknown}
 h - a potion of berserk rage {unknown}
Comestibles
 c - 2 rations


   Skills:
 - Level 3.0(2.4) Fighting
 + Level 6.0(5.4) Long Blades
 - Level 1.5(1.0) Armour
 - Level 1.5(1.0) Dodging


You had 4 spell levels left.
You didn't know any spells.
Your spell library was empty.

Dungeon Overview and Level Annotations

Branches:
Dungeon (2/15)

Altars:


Innate Abilities, Weirdness & Mutations

You cannot wear boots.
Your serpentine skin is tough. (AC +1)
You have supernaturally acute eyesight. (SInv)
Armour fits poorly on your strangely shaped body.
Your system is resistant to poisons. (rPois)
You cover ground very slowly.
You have a slow metabolism.
You can spit poison.


Message History

The wight hits you with a +0 dagger.
* * * LOW HITPOINT WARNING * * *
You feel drained.
* * * LOW HITPOINT WARNING * * *
The wight hits you with a cursed +0 short sword.
* * * LOW HITPOINT WARNING * * *
You feel drained.
You hit the wight.
You destroy the wight!
Trog accepts your kill.
You have reached level 5!
The wight completely misses you.
You riposte.
You slash the wight! You slash the wight!
You destroy the wight!
Trog accepts your kill.
Your base Long Blades skill increases to level 6!
The wight barely misses you.
You are too berserk!
You hit the wight. The wight misses you. The worm bites you.
You die...

#.# .###.#... .#
##.###...###.# .?#
#...<........# #$.#
###..####..###.# ...#
#...>......# #.# ..#
#.......#..###.##..####
#......###....?........
#.#...## ##....z...#.
#...#..###.###.#@.##
#.....#.#..# #.#w)...#
##..####.#.# #.#...#.#
......)..#.###z.#.#....
##.###...)..............
#.#.#..###.#.#.##.#
#....#..# ##...# #
#............ ..
####....##.###


You could see a worm and a wight.

Vanquished Creatures
  3 wights (D:2)
  An ooze (D:1)
  A worm (D:2)
  A dart slug (D:2)
  3 bats (D:1)
  3 giant cockroaches
  4 goblins (D:1)
  6 hobgoblins
  3 jackals (D:1)
  A ball python (D:1)
  3 frilled lizards
  3 kobolds (D:1)
  4 rats
36 creatures vanquished.

Notes
Turn   | Place    | Note
-------+----------+-------------------------------------------
     0 | D:1      | theswoord the Naga Berserker began the quest for the Orb.
     0 | D:1      | Reached XP level 1. HP: 21/21 MP: 1/1
    94 | D:1      | Reached XP level 2. HP: 17/28 MP: 2/2
   579 | D:1      | Reached skill level 4 in Long Blades
   634 | D:1      | Reached XP level 3. HP: 30/34 MP: 3/3
   734 | D:1      | Reached ** piety under Trog
   974 | D:2      | Reached skill level 5 in Long Blades
   974 | D:2      | Reached XP level 4. HP: 12/42 MP: 4/4
  1227 | D:2      | HP: 2/63 [wight/cursed +0 short sword (3)]
  1228 | D:2      | Reached XP level 5. HP: 2/49 MP: 5/5
  1229 | D:2      | Reached skill level 6 in Long Blades
  1230 | D:2      | Slain by a worm

Skill      XL: |  1  2  3  4  5 |
---------------+----------------+-----
Long Blades    | 4 5 6 |  6.0
Fighting       | |  3.0
Armour         | |  1.5
Dodging        | |  1.5

Action                   |  1- 3 |  4- 6 || total
-------------------------+-------+-------++-------
Melee: Falchion          |    88 |    13 ||   101
Invok: Berserk           |     3 |     1 ||     4
  Use: Scroll            |     3 |       ||     3
  Eat: Chunk             |     2 |     1 ||     3
Armor: Animal skin       |    16 |       ||    16
Dodge: Dodged            |    52 |     7 ||    59
       Rpst.: Falchion   |    19 |     3 ||    22

Levels and vault maps discovered:
D:1:      elethiomel_arrival_infinity_welcomes_careful_drivers, layout_basic,
          minmay_tromino_v4_b
D:2:      layout_loops_ring, kennysheep_generic_room_15
